 Dungeon Crawl Stone Soup version 0.29.1-1-gd02db6906a (webtiles) character file.

Game seed: 3794506109937624330

154 MisterFreud the Twirler (level 5, -4/32 (38) HPs)
             Began as a Formicid Gladiator on Oct 3, 2022.
             Slain by a bullfrog (6 damage)
             ... on level 4 of the Dungeon.
             The game lasted 00:02:40 (2828 turns).

MisterFreud the Twirler (Formicid Gladiator)        Turns: 2828, Time: 00:02:41

HP:   -4/32 (38)    AC:  4    Str: 21    XL:     5   Next: 62%
MP:   0/5           EV: 12    Int:  7    God:
Gold: 120           SH:  0    Dex: 15    Spells: 4/4 levels left

rFire   . . .      SeeInvis +   a - +0 quarterstaff
rCold   . . .      Faith    .   (no shield)
rNeg    . . .      Spirit   +   b - +0 leather armour
rPois   .          Reflect  .   (helmet unavailable)
rElec   .          Harm     .   t - +0 cloak
rCorr   .          Rampage  .   (no gloves)
Will    +....                   (no boots)
Stlth   +.........              k - amulet of guardian spirit
HPRegen 0.10/turn               h - ring of willpower
MPRegen 0.09/turn               (no ring)

@: heavily drained
A: permanent stasis, dig shafts and tunnels, antennae 3, four strong arms
a: Dig, Shaft Self


You were on level 4 of the Dungeon.
You visited 1 branch of the dungeon, and saw 4 of its levels.

You collected 120 gold pieces.

Inventory:

Hand Weapons
 a - a +0 quarterstaff (weapon)
Missiles
 c - 3 throwing nets
 d - 5 javelins
 f - 2 boomerangs
 i - 9 poisoned darts (quivered)
 o - 3 atropa-tipped darts
Armour
 b - a +0 leather armour (worn)
 t - a +0 cloak (worn)
Jewellery
 h - a ring of willpower (left hand)
 k - an amulet of guardian spirit (around neck)
 l - an amulet of regeneration
 m - a ring of poison resistance
 s - a ring of flight
Wands
 g - a wand of mindburst (30)
Scrolls
 j - 4 scrolls of identify
 q - a scroll of blinking {unknown}
Potions
 e - a potion of lignification
 n - 2 potions of might {unknown}
 p - 3 potions of curing
 r - 4 potions of heal wounds {unknown}
 u - 2 potions of haste {unknown}


   Skills:
 - Level 2.1 Fighting
 + Level 5.9 Staves
 - Level 2.0 Throwing
 - Level 2.6 Dodging


You had 4 spell levels left.
You didn't know any spells.
Your spell library contained the following spells:

 Spells                   Type           Power      Damage    Failure   Level
 Sandblast                Erth           0%         2d4       47%         1
 Ensorcelled Hibernation  Hex/Ice        0%         N/A       63%         2
 Passwall                 Tmut/Erth      0%         N/A       63%         2
 Call Canine Familiar     Summ           0%         N/A       85%         3
 Portal Projectile        Hex/Tloc       0%         N/A       85%         3
 Stone Arrow              Conj/Erth      0%         3d7       85%         3
 Leda's Liquefaction      Hex/Erth       0%         N/A       99%         4
 Swiftness                Air            Unusable   N/A       N/A         3

Dungeon Overview and Level Annotations

Branches:
Dungeon (4/15)
 Temple: D:4-7

Altars:


Innate Abilities, Weirdness & Mutations

You cannot be hasted, slowed, berserked, paralysed or teleported.
You can dig through walls and to a lower floor.
You have a pair of large antennae on your head. (SInv)
Your four strong arms can wield two-handed weapons with a shield.


Message History

You dig through the rock wall.
You feel drained.
You retract your mandibles.
You hear the rusting of a drain very nearby.
You hear the rusting of a drain very nearby.
HP restored.
You now have 113 gold pieces (gained 17).
u - 2 ruby potions You hear the brisk rusting of a drain nearby.
You now have 120 gold pieces (gained 7).
j - 4 scrolls of identify (gained 1)
An orc comes into view. It is wielding a +0 flail.
A bullfrog comes into view.
The bullfrog closely misses you.
You barely miss the bullfrog. The bullfrog hits you.
You hit the bullfrog but do no damage.
The bullfrog hits you but does no damage.
The orc hits you with a +0 flail. The bullfrog hits you.
You barely miss the bullfrog. The orc hits you but does no damage.
The bullfrog hits you!
You hit the bullfrog but do no damage. The bullfrog hits you.
The orc misses you. The bullfrog hits you.
* * * LOW HITPOINT WARNING * * *
You barely miss the bullfrog. The orc barely misses you. The bullfrog hits you!
* * * LOW HITPOINT WARNING * * *
You hit the bullfrog.
The bullfrog is moderately wounded.
The bullfrog closely misses you. The orc misses you. The bullfrog misses you.
You hit the bullfrog.
The bullfrog is moderately wounded.
The orc barely misses you. The bullfrog closely misses you.
You feel better. The bullfrog hits you. The orc hits you with a +0 flail.
The bullfrog closely misses you.
Are you sure you want to shaft yourself?
The orc hits you with a +0 flail.
* * * LOW HITPOINT WARNING * * *
The bullfrog hits you.
* * * LOW HITPOINT WARNING * * *
You begin to dig a shaft.
You continue digging a shaft.
The bullfrog hits you.
You die...

#....#~# #...~~~# {
####....~~####
##.....)...#..# ##
##.............. ...#
#...............
.....####...............
........................
......F@................
......o............รท....
........................
........................
......#.............(...
......####............##
...... ##..........##
.....# ####...<..##
###..###


You could see a bullfrog and an orc.

Vanquished Creatures
  A hound (D:4)
  An iguana (D:4)
  3 adders
  A river rat (D:4)
  2 worms (D:2)
  2 dart slugs (D:3)
  An orc (D:3)
  2 ball pythons (D:3)
  An endoplasm (D:1)
  4 giant cockroaches
  3 goblins
  4 hobgoblins
  7 jackals (D:2)
  2 quokkas
  6 bats
  5 frilled lizards
  3 kobolds
  4 rats
52 creatures vanquished.

Notes
Turn   | Place    | Note
-------+----------+-------------------------------------------
     0 | D:1      | MisterFreud the Formicid Gladiator began the quest for the
                  | Orb.
     0 | D:1      | Reached XP level 1. HP: 16/16 MP: 1/1
    80 | D:1      | Found a faded altar of an unknown god.
    99 | D:1      | Reached XP level 2. HP: 20/22 MP: 2/2
   829 | D:2      | Reached skill level 4 in Staves
   829 | D:2      | Reached XP level 3. HP: 27/27 MP: 1/3
  1205 | D:2      | Reached XP level 4. HP: 33/33 MP: 2/4
  1848 | D:3      | Reached skill level 5 in Staves
  2469 | D:4      | Reached XP level 5. HP: 16/38 MP: 1/5
  2816 | D:4      | Noticed a bullfrog
  2828 | D:4      | Slain by a bullfrog

Illustrated notes

Levels and vault maps discovered:
D:1:      dpeg_arrival_radiant, layout_basic,
          shapermc_ecumenical_altar_totnotflames, minivault_19,
          hangedman_decor_points
D:2:      layout_rooms
D:3:      layout_loops_ring, minmay_quadrilaterals
D:4:      layout_cave_pods, lightli_sewer_entry_pipes

Skill      XL: |  1  2  3  4 |
---------------+-------------+-----
Staves         | 4 5 |  5.9
Fighting       | |  2.1
Throwing       | |  2.0
Dodging        | |  2.6

Action                   |  1- 3 |  4- 6 || total
-------------------------+-------+-------++-------
Melee: Quarterstaff      |    91 |    79 ||   170
       Punch             |     1 |     2 ||     3
 Abil: Dig               |       |     1 ||     1
       Shaft Self        |       |     1 ||     1
  Use: Scroll            |       |     5 ||     5
       Potion            |       |     1 ||     1
 Stab: Sleeping          |       |     1 ||     1
Armor: Leather armour    |    30 |    27 ||    57
Dodge: Dodged            |    67 |    56 ||   123
